Unix NetHack Version 5.0.0-0 post-release - last build May 17 2026 04:57:42 (dc50c8380fa5e20985bfe3072449f57b8d9895ef,branch:main).

Game began 2026-05-21 16:38:28, ended 2026-05-21 16:53:25.

DaveT, lawful male human Priest

                           -----
                           |....    ------
                           |...|    |....|                      -------
                           |...|    -....|                   ###......|
                           |...|    |.(..|                   #  |.....|
                           |.{.|    |....|                   ###.`....|
        ------------       |...|    --.---                   ## ----.--
        |?*)![[%=..|       --.--      ###        #############      ##
        |!![(*(/[].|         #          #      ###      #####        #
        |%!).??*[..|         #          #      ##`###########        #
        |%][(%+%?[.|         #          #      #------- #            #
        |[+?=!%)!?.|         #          #      #|.....| #            ###
        |!m*%=(?][.-#@q#    ###         #      #|..>...##          ----.--
        ------------   #  --.-|-        #     ##|.....|            |.....|
                       ###|....-    ############......|            |.)...|
                         #.....|    #---.---  # -------            |..<..|
                          |....-#####|.....|  #                    -------
                          |....|     |......###
                          ------     -------

DaveT the Acolyte            St:11 Dx:11 Co:15 In:11 Wi:18 Ch:11  Lawful
Dlvl:5  $:37 HP:0(38) Pw:69(69) AC:2  Xp:5 T:3159  Burdened

Latest messages:
 You bought a +0 pair of boots called jumping (being worn) for 50 gold pieces.
 You bought a blessed tin for 7 gold pieces.
 "Thank you for shopping in Kipawa's general store!"
 What do you want to drop? [$a-hjl-nprtuwyBCE-KMO-Y or ?*] a
 You drop a blessed +5 mace.
 Kipawa offers 28 gold pieces for your mace.  Sell it? [ynaq] (n) n
 You have a little trouble lifting a - a blessed +5 mace.
 The giant mimic hits!
 The giant mimic hits again!
 What do you want to drop? [$a-hjl-nprtuwyBCE-KMO-Y or ?*] ?
 What do you want to drop? [$a-hjl-nprtuwyBCE-KMO-Y or ?*] p
 You drop a spellbook of detect monsters.
 Kipawa offers 50 gold pieces for your spellbook of detect monsters.  Sell it? [ynaq] (n) y
 You sold a spellbook of detect monsters for 50 gold pieces.
 You bought a magic marker for 50 gold pieces.
 "Thank you for shopping in Kipawa's general store!"
 What do you want to read? [ghtBF-HOPSU or ?*] ?
 As you read the scroll, it disappears.
 Where do you want to be teleported?
 (For instructions type a '?')
 Move cursor to the desired position:
 You materialize in a different location!
 The rothe hits!
 The rothe bites!
 The rothe misses!
 The rothe hits!
 The rothe just misses!
 The rothe bites!
 You begin bashing monsters with your bare hands.
 You hit the rothe.
 The rothe misses!
 The rothe misses!
 The rothe misses!
 You hit the rothe.
 What do you want to wield? [- aCE or ?*] a
 a - a blessed +5 mace (weapon in right hand).
 The rothe misses!
 The rothe bites!
 The rothe misses!
 The rothe misses!
 The rothe bites!
 The rothe misses!
 You hear someone counting gold coins.
 You miss the rothe.
 The rothe hits!
 The rothe bites!
 The rothe bites again!
 You die...
 Do you want your possessions identified? [ynq] (y) y
 Do you want to see your attributes? [ynq] (y) q

Inventory:
 Coins    ('$')
  $ - 37 gold pieces
 Amulets  ('"')
  T - an amulet of unchanging (being worn)
 Weapons  (')')
  C - 4 +0 shuriken (at the ready)
  E - a +0 elven dagger
  a - a blessed +5 mace (weapon in right hand)
 Armor    ('[')
  w - a +0 orcish helm (being worn)
  X - a +0 pair of jumping boots (being worn)
  c - a +0 small shield (being worn)
  V - a +0 mummy wrapping
  b - a +0 robe (being worn)
  R - a +0 Hawaiian shirt with a hibiscus flower motif (being worn)
  y - a +0 studded leather armor (being worn)
 Comestibles  ('%')
  e - a clove of garlic
  l - 3 food rations
  f - a sprig of wolfsbane
  Y - a blessed tin of broiled giant bat meat
 Scrolls  ('?')
  H - a scroll of confuse monster
  O - a scroll of create monster
  t - a cursed scroll of enchant weapon
  S - a scroll of gold detection
  F - 2 scrolls of teleportation
 Spellbooks  ('+')
  G - a spellbook of force bolt
  h - a blessed spellbook of healing
  U - a spellbook of healing
  g - a spellbook of light
  P - a spellbook of light
 Potions  ('!')
  j - a potion of enlightenment
  Q - a potion of extra healing
  r - 3 potions of healing
  M - a potion of levitation
  u - a potion of speed
  d - 3 potions of holy water
 Rings    ('=')
  m - a ring of poison resistance
 Wands    ('/')
  K - a wand of cold (0:6)
  I - a wand of lightning (0:6)
  J - a wand of speed monster (0:4)
 Tools    ('(')
  W - a magic marker (0:39)
 Gems/Stones  ('*')
  n - a worthless piece of green glass

DaveT the Priest's attributes:

Background:
 You were an Acolyte, a level 5 human Priest.
 You were lawful, on a mission for Athena
 who was opposed by Hermes (neutral) and Poseidon (chaotic).
 You were right-handed.
 You were in the Dungeons of Doom, on level 5.
 You entered the dungeon 3159 turns ago.
 You had 285 experience points, 35 more were needed to attain level 6.

Basics:
 You had 0 out of 38 hit points.
 You had all 69 energy points (spell power).
 Your armor class was 2.
 Your wallet contained 37 zorkmids.
 Autopickup was off.

Final Characteristics:
 Your strength was 11 (limit:18/100).
 Your dexterity was 11 (limit:18).
 Your constitution was 15 (limit:18).
 Your intelligence was 11 (limit:18).
 Your wisdom was 18 (limit:18).
 Your charisma was 11 (limit:18).

Final Status:
 You weren't hungry.
 You were burdened; movement was slightly slowed.
 You were wielding a mace.
 You had basic skill with mace and could have enhanced that.

Final Attributes:
 You were piously aligned.
 You were telepathic.
 You could jump.
 You were guarded.
 Your spell casting was enhanced by wearing a robe.
 You couldn't change from your current form.
 You are dead.

Miscellaneous:
 You didn't encounter any bones levels.
 Total elapsed playing time was 14 minutes and 57 seconds.

Major events:
 Turn
    1: DaveT the lawful human Priest entered the dungeon
  797: attained the rank of Acolyte (level 3)
 1025: entered the Gnomish Mines
 3159: killed by a rothe

Spells:
 Name                 Level Category     Fail Retention
 light                  1   clerical       0%   81%-90%
 healing                1   healing        0%  76%-100%
 force bolt             1   attack         0%  76%-100%
 detect monsters        1   divination     0%  76%-100%

Skills:
 Fighting Skills
   bare handed combat [Unskilled]
 Weapon Skills
   club               [Unskilled]
   mace               [Basic]
   morning star       [Unskilled]
   flail              [Unskilled]
   hammer             [Unskilled]
   quarterstaff       [Unskilled]
   polearms           [Unskilled]
   spear              [Unskilled]
   trident            [Unskilled]
   lance              [Unskilled]
   bow                [Unskilled]
   sling              [Unskilled]
   crossbow           [Unskilled]
   dart               [Unskilled]
   shuriken           [Unskilled]
   boomerang          [Unskilled]
   unicorn horn       [Unskilled]
 Spellcasting Skills
   healing spells     [Unskilled]
   divination spells  [Unskilled]
   clerical spells    [Basic]

Voluntary challenges:
 Character rerolling was not enabled.
 You never genocided any monsters.
 You never polymorphed an object.
 You never changed form.
 You used no wishes.
Achievements:
 You entered a shop.
 You attained the rank of Acolyte.
 You entered the Gnomish Mines.

 The Dungeons of Doom: levels 1 to 6
    Level 1:
       A fountain, a grave.
    Level 2:
       An armor shop.
       Stairs down to The Gnomish Mines.
    Level 3:
       A weapon shop, a fountain.
    Level 4:
    Level 5: "vault" <- You were here.
       A general store, a sink.
       Final resting place for
          you, killed by a rothe.
    Level 6:
 The Gnomish Mines:
    Level 3:


Vanquished creatures:
  a large mimic
  a gnome mummy
  2 human zombies
  a bugbear
  a mountain nymph
  a rock piercer
  a shrieker
  a gray ooze
  2 floating eyes
  a homunculus
  2 rothes
  a giant bat
  2 orc zombies
  2 iguanas
  a coyote
  2 cave spiders
  a brown mold
  6 gnomes
  5 geckos
  2 jackals
  a fox
  4 kobolds
  3 sewer rats
  4 grid bugs
  6 newts
54 creatures vanquished.

No species were genocided or became extinct.

Game over:
                       ----------
                      /          \
                     /    REST    \
                    /      IN      \
                   /     PEACE      \
                  /                  \
                  |      DaveT       |
                  |      37 Au       |
                  |   killed by a    |
                  |      rothe       |
                  |                  |
                  |                  |
                  |       2026       |
                 *|     *  *  *      | *
        _________)/\\_//(\/(/\)/\//\/|_)_______

Goodbye DaveT the Priest...

You died in The Dungeons of Doom on dungeon level 5 with 1602 points,
and 37 pieces of gold, after 3159 moves.
You were level 5 with a maximum of 38 hit points when you died.

